 Dungeon Crawl Stone Soup version 0.27.0-1-g7a08968 (webtiles) character file.

Game seed: 13084772038586631881

304827 Gwimweeper the Middleweight Champion (level 21, -2/167 HPs)
             Began as a Ghoul Monk on Dec 10, 2021.
             Was the Champion of Makhleb.
             Splashed by an acid blob's acid (7 damage)
             ... created by the Royal Jelly
             ... on level 5 of the Pits of Slime on Dec 12, 2021.
             The game lasted 11:45:29 (55052 turns).

Gwimweeper the Middleweight Champion (Ghoul Monk)  Turns: 55052, Time: 11:45:31

Health: -2/167     AC: 22    Str: 25      XL:     21   Next: 12%
Magic:  0/42       EV: 13    Int:  9 (10) God:    Makhleb [******]
Gold:   3509       SH:  8    Dex: 19      Spells: 20/20 levels left

rFire    . . .     SeeInvis .     - Unarmed
rCold    + + .     Faith    .   W - +1 buckler {rC+}
rNeg     + + +     Spirit   +   S - +8 chain mail {rF+}
rPois    ∞         Reflect  .   Q - +3 hat of Pondering {ponderous, Will+ MP+10 Int+5}
rElec    +         Harm     .   q - +2 cloak {rCorr}
rCorr    +         Rampage  +   (no gloves)
Will     +++++                  e - +2 pair of boots
Stlth    ..........             C - amulet of Siuzi {Spirit Rampage rElec rF- Will+++}
HPRegen  0.00/turn              U - +4 ring of slaying
MPRegen  0.28/turn              H - ring "Rumeodom" {Will+ Dex+8}

@: corroded, inhibited regen, studying Air Magic, slow
A: claws 1, cold resistance 1, negative energy resistance 3, inhibited
regeneration, torment resistance 2
}: 2/15 runes: serpentine, barnacled
a: Renounce Religion, Minor Destruction, Lesser Servant of Makhleb, Major
Destruction, Greater Servant of Makhleb


You were on level 5 of the Pits of Slime.
You worshipped Makhleb.
Makhleb was exalted by your worship.
You visited 8 branches of the dungeon, and saw 36 of its levels.
You also visited: Bailey and Ice Cave.

You collected 3830 gold pieces.
You spent 321 gold pieces at shops.

Inventory:

Missiles
 A - 2 throwing nets (quivered)
Armour
 e - a +2 pair of boots (worn)
 q - a +2 cloak of preservation (worn)
 M - the +1 robe of Jec Vev {rElec rPois rF+ rN+ Str-4}
   (You found it on level 10 of the Dungeon)

   Str:       It affects your strength (-4).
   rF:        It protects you from fire.
   rElec:     It insulates you from electricity.
   rPois:     It protects you from poison.
   rN:        It protects you from negative energy.
 Q - the +3 hat of Pondering (worn) {ponderous, Will+ MP+10 Int+5}
   (You took it off Gastronok on level 11 of the Dungeon)

   Int:       It affects your intelligence (+5).
   MP:        It affects your magic capacity (+10).
   Will:      It increases your willpower.
 S - a +8 chain mail of fire resistance (worn)
 W - a +1 buckler of cold resistance (worn)
Jewellery
 b - a ring of flight
 g - a +6 ring of strength
 h - a ring of see invisible
 i - a ring of ice
 m - a ring of ice
 u - a ring of protection from fire
 v - a +6 ring of dexterity
 w - a +6 ring of intelligence
 y - a ring of resist corrosion
 C - the amulet of Siuzi (around neck) {Spirit Rampage rElec rF- Will+++}
   (You acquired it on level 3 of the Lair of Beasts)

   [amulet of guardian spirit]

   It causes incoming damage to be divided between your reserves of health and
   magic.
   rF:        It makes you vulnerable to fire.
   rElec:     It insulates you from electricity.
   Rampage:   It bestows one free step when moving towards enemies.
   Will:      It greatly increases your willpower.
 D - a ring of ice
 E - a ring of flight
 H - the ring "Rumeodom" (right claw) {Will+ Dex+8}
   (You found it on level 8 of the Dungeon)

   [ring of willpower]

   Dex:       It affects your dexterity (+8).
   Will:      It increases your willpower.
 R - an amulet of the acrobat
 U - a +4 ring of slaying (left claw)
 Z - a ring of protection from cold
Wands
 j - a wand of flame (56)
 o - a wand of iceblast (30)
 x - a wand of paralysis (31)
 z - a wand of polymorph (19)
 B - a wand of charming (17)
 N - a wand of mindburst (51)
 O - a wand of acid (12)
Scrolls
 l - a scroll of silence
 p - 4 scrolls of identify
 r - a scroll of fog
 s - 2 scrolls of magic mapping
 t - a scroll of blinking
 F - 6 scrolls of teleportation
 G - a scroll of fear
 T - 3 scrolls of amnesia
 Y - 6 scrolls of immolation
Potions
 c - 5 potions of flight
 d - a potion of brilliance
 f - a potion of cancellation
 k - 3 potions of haste
 n - a potion of might
 J - a potion of magic
 L - 10 potions of curing
 X - 4 potions of resistance
Miscellaneous
 P - a piece from Xom's chessboard (15/15)
 V - a condenser vane


   Skills:
 + Level 9.9 Fighting
 + Level 11.3 Armour
 + Level 7.6 Dodging
 - Level 2.1 Stealth
 + Level 7.8 Shields
 O Level 27 Unarmed Combat
 + Level 17.7 Invocations


You had 20 spell levels left.
You didn't know any spells.
Your spell library contained the following spells:

 Spells                   Type           Power      Damage    Failure   Level
 Animate Skeleton         Necr           0%         N/A       88%         1
 Apportation              Tloc           0%         N/A       88%         1
 Corona                   Hex            0%         N/A       88%         1
 Summon Small Mammal      Summ           0%         N/A       88%         1
 Blink                    Tloc           N/A        N/A       96%         2
 Ensorcelled Hibernation  Hex/Ice        0%         N/A       96%         2
 Slow                     Hex            0%         N/A       96%         2
 Confusing Touch          Hex            0%         N/A       99%         3
 Frozen Ramparts          Ice            0%         1d2       99%         3
 Ignite Poison            Fire/Tmut/Pois 0%         N/A       99%         3
 Lesser Beckoning         Tloc           0%         N/A       99%         3
 Mephitic Cloud           Conj/Pois/Air  0%         N/A       99%         3
 Ozocubu's Armour         Ice            0%         N/A       99%         3
 Stone Arrow              Conj/Erth      0%         3d7       99%         3
 Airstrike                Air            0%         N/A       100%        4
 Animate Armour           Summ/Erth      0%         N/A       100%        4
 Hailstorm                Conj/Ice       0%         3d3       100%        4
 Summon Ice Beast         Ice/Summ       0%         N/A       100%        4
 Summon Lightning Spire   Summ/Air       0%         N/A       100%        4
 Alistair's Intoxication  Tmut/Pois      0%         N/A       100%        5
 Bolt of Magma            Conj/Fire/Erth 0%         4d4       100%        5
 Lightning Bolt           Conj/Air       0%         1d11      100%        5
 Manifold Assault         Tloc           0%         N/A       100%        5
 Metabolic Englaciation   Hex/Ice        0%         N/A       100%        5
 Summon Forest            Summ/Tloc      0%         N/A       100%        5
 Summon Mana Viper        Hex/Summ       0%         N/A       100%        5
 Yara's Violent Unravell  Hex/Tmut       0%         3d3       100%        5
 Invisibility             Hex            0%         N/A       100%        6
 Shadow Creatures         Summ           N/A        N/A       100%        6
 Simulacrum               Ice/Necr       0%         N/A       100%        6
 Monstrous Menagerie      Summ           0%         N/A       100%        7
 Lehudib's Crystal Spear  Conj/Erth      0%         10d2      100%        8
 Shatter                  Erth           0%         3d5*      100%        9
 Ice Form                 Ice/Tmut       Unusable   N/A       N/A         4

Dungeon Overview and Level Annotations

Branches:
Dungeon (13/15)            Temple (1/1) D:5            Lair (6/6) D:11
 Shoals (4/4) Lair:2        Snake (4/4) Lair:2        Slime (5/5) Lair:6
    Orc (2/2) D:10            Elf (1/3) Orc:2        Bailey (visited)
  IceCv (visited)
 Vaults: D:13-14

Altars:
Ashenzari
Cheibriados
Dithmenos
Elyvilon
Fedhas
Gozag
Hepliaklqana
Kikubaaqudgha
Makhleb
Nemelex Xobeh
Okawaru
Qazlal
Ru
Sif Muna
Trog
Uskayaw
Vehumet
Wu Jian
Xom
Yredelemnul
Zin
The Shining One
Jiyva
Lugonu

Shops:
D:10 !   Orc:2 (*=:   Snake:2 (   Snake:3 *!?

Portals:
Abyss: Lair:6

Annotations:
D:13 Maurice
Lair:1 exclusion: oklob plant
Slime:5 Royal Jelly


Innate Abilities, Weirdness & Mutations

You thrive by killing the living.
You are immune to poison.
You have sharp fingernails.
Your flesh is cold resistant. (rC+)
You are immune to negative energy. (rN+++)
You do not regenerate when monsters are visible.
You are immune to unholy pain and torment.


Message History

Found a viscous altar of Jiyva.
Found fourteen items.
You start resting.
An acid blob is nearby!
The acid blob spits acid at you.
The splash of acid hits you but does no damage.
You are splashed with acid.
You resist.
* * * LOW HITPOINT WARNING * * *
The acid blob hits you!!
* * * LOW HITPOINT WARNING * * *
You are splashed with acid.
You resist.
* * * LOW HITPOINT WARNING * * *
You feel much better. The acid blob hits you!!
* * * LOW HITPOINT WARNING * * *
You are splashed with acid.
You resist.
* * * LOW HITPOINT WARNING * * *
You eviscerate the acid blob!!!
Your claws burn!
The acid blob is heavily wounded.
You claw the acid blob!
Your claws burn!
* * * LOW HITPOINT WARNING * * *
The acid blob is severely wounded.
The acid blob spits acid at you.
The splash of acid hits you but does no damage.
The acid corrodes you!
You are splashed with acid!
You resist.
* * * LOW HITPOINT WARNING * * *
You claw the acid blob!
Your claws burn!
* * * LOW HITPOINT WARNING * * *
The acid blob is severely wounded.
You block the acid blob's attack.
You claw the acid blob!
Your claws burn!
* * * LOW HITPOINT WARNING * * *
The acid blob is almost dead.
You scratch the acid blob but do no damage.
Your claws burn!
The acid blob is almost dead.
The acid blob spits acid at you. The splash of acid hits you. You resist.
* * * LOW HITPOINT WARNING * * *
You are splashed with acid!
You resist.
You die...

#.####................
##............... #.#
$?)##.............
#..##$) ##.J.....J.
##.#("[ ##........
#..##![ #........
#.##)#[ #........
#..########........
......#.@J#........
._..#...#..........
#..########........
#.##|#$ #........
#..##[: #........
##.#[)( #........
#..##$"
............... #.#
$)} ............... #.
#$# ..............


You could see an acid blob.

Vanquished Creatures
  Dissolution (Slime:4)
  Vashnia (Snake:4)
  20 acid blobs
  Kirke (Shoals:2)
  Gastronok (D:11)
  6 rockslimes
  13 azure jellies
  4 nagarajas
  A deep elf sorcerer (Orc:2)
  An orc warlord (Orc:1)
  Louise (Shoals:4)
  7 quicksilver oozes
  3 reapers (IceCv)
  2 eleionomae (Shoals:1)
  Snorg (Lair:4)
  6 merfolk javelineers
  Josephine (D:11)
  9 merfolk impalers
  6 great orbs of eyes
  3 salamander tyrants
  Harold (D:11)
  2 caustic shrike simulacra (IceCv)
  12 hydras
  14 naga warriors
  3 merfolk avatars
  4 ogre magi
  2 alligator snapping turtles (Shoals:3)
  16 anacondas
  4 satyrs
  5 dancing weapons (Elf:1)
  16 two-headed ogres
  3 merfolk aquamancers
  6 shock serpents
  A tengu warrior (D:12)
  2 thrashing horrors (Lair:6)
  17 naga sharpshooters
  5 death yaks
  5 deep elf knights (Elf:1)
  2 large abominations (Lair:6)
  9 salamander mystics
  22 sea snakes
  5 naga ritualists
  11 deep elf archers (Elf:1)
  14 harpies
  8 deep elf pyromancers
  A bog body (IceCv)
  An obsidian statue (IceCv)
  2 orc knights
  3 ugly things
  17 deep elf zephyrmancers
  13 mana vipers
  11 manticores
  An oklob plant (Lair:2)
  8 shining eyes
  An orc sorcerer (Elf:1)
  22 salamanders
  5 cyclopes
  22 fauns
  7 elephants
  7 guardian serpents
  46 black mambas
  12 water nymphs
  13 merfolk sirens
  14 cane toads
  A molten gargoyle (Lair:6)
  3 smoke demons (Lair:6)
  25 naga magi
  An eye of devastation (Slime:4)
  A torpor snail (Lair:2)
  A water nymph (shapeshifter) (Elf:1)
  8 komodo dragons
  8 freezing wraiths (IceCv)
  An ice devil (IceCv)
  2 ancient zymes (Lair:6)
  2 entropy weaver simulacra (IceCv)
  A rime drake (Lair:3)
  A tengu conjurer (D:12)
  2 wind drakes
  29 merfolk
  A polar bear (shapeshifter) (Elf:1)
  A hornet (D:10)
  5 trolls
  8 blink frogs (Lair:6)
  64 slime creatures
  4 snapping turtles
  The ghost of Ozzieoiler the Chiller, an amateur MfIE (D:4)
  9 dream sheep
  2 spriggans (Lair:6)
  53 yaks
  2 wyverns
  5 spriggan simulacra (IceCv)
  6 wraiths
  2 vampires (D:11)
  3 ynoxinuls (Lair:6)
  A shadow (D:10)
  4 golden eyes
  2 hogs (Shoals:2)
  13 water elementals
  2 dire elephant simulacra (IceCv)
  A chaos spawn (Lair:6)
  A fire elemental (Elf:1)
  6 basilisks
  Menkaure (D:7)
  3 minotaur simulacra (IceCv)
  8 vampire mosquitoes
  59 nagas
  4 wargs
  A harpy simulacrum (IceCv)
  15 water moccasins
  18 orc warriors
  An alligator simulacrum (IceCv)
  2 black bears
  12 wolves
  An ettin simulacrum (IceCv)
  A necrophage (D:6)
  15 centaurs
  21 ogres
  10 small abominations (Lair:6)
  3 kobold brigands
  9 bullfrogs
  An earth elemental (Elf:1)
  A wyvern zombie (D:7)
  3 scorpions
  A gnoll sergeant (D:7)
  2 deep troll simulacra (IceCv)
  A wyvern skeleton (D:6)
  A lindwurm simulacrum (IceCv)
  3 howler monkeys (D:7)
  9 electric eels
  2 bullfrog zombies
  4 crimson imps (D:6)
  3 quasits (D:4)
  3 centaur zombies
  4 hounds
  4 jellies
  11 orc priests
  17 orc wizards
  Ijyb (D:4)
  3 iguanas
  2 hound skeletons
  4 adders
  15 gnolls
  A white imp (D:5)
  An adder skeleton (D:4)
  2 worms (D:2)
  3 dart slugs
  86 orcs
  8 endoplasms
  3 giant cockroaches (D:1)
  5 goblins
  10 hobgoblins
  16 kobolds
  3 quokkas
  9 ball pythons
  5 bats
  2 frilled lizards
  2 rats
1200 creatures vanquished.

Vanquished Creatures (collateral kills)
  6 orcs (Bailey)
6 creatures vanquished.

Vanquished Creatures (others)
  A deep elf zephyrmancer (Elf:1)
  An air elemental (Elf:1)
  A large abomination (Lair:6)
  2 humans (Shoals:2)
  A quokka (D:6)
  40 fungi
  114 plants
  24 tentacles (Shoals:4)
184 creatures vanquished.

Grand Total: 1390 creatures vanquished

Notes
Turn   | Place    | Note
-------+----------+-------------------------------------------
     0 | D:1      | Gwimweeper the Ghoul Monk began the quest for the Orb.
     0 | D:1      | Reached XP level 1. HP: 19/19 MP: 0/0
   186 | D:1      | Reached XP level 2. HP: 26/26 MP: 1/1
   851 | D:1      | Reached XP level 3. HP: 33/33 MP: 2/2
  1323 | D:2      | Reached skill level 4 in Unarmed Combat
  1524 | D:2      | Reached XP level 4. HP: 32/40 MP: 3/3
  2130 | D:3      | Reached skill level 5 in Unarmed Combat
  2140 | D:3      | Reached XP level 5. HP: 20/46 MP: 4/4
  2728 | D:3      | Found a faded altar of an unknown god.
  3022 | D:4      | Found a transporter.
  3051 | D:4      | Reached skill level 6 in Unarmed Combat
  3143 | D:4      | Reached XP level 6. HP: 41/52 MP: 5/5
  3343 | D:4      | Noticed Ijyb
  3369 | D:4      | Killed Ijyb
  3648 | D:4      | Found an opulent altar of Gozag.
  3652 | D:4      | Found a transporter.
  3665 | D:4      | Noticed Ozzieoiler's ghost (amateur MfIE)
  3936 | D:5      | Entered Level 5 of the Dungeon
  4023 | D:5      | Reached skill level 7 in Unarmed Combat
  4058 | D:5      | Found a staircase to the Ecumenical Temple.
  4067 | Temple   | Entered the Ecumenical Temple
  4074 | Temple   | Became a worshipper of Makhleb the Destroyer
  4074 | Temple   | Reached * piety under Makhleb
  4074 | Temple   | Reached ** piety under Makhleb
  4099 | D:5      | Reached XP level 7. HP: 48/60 MP: 6/6
  4566 | D:5      | Reached skill level 1 in Invocations
  5085 | D:4      | Reached skill level 8 in Unarmed Combat
  5105 | D:4      | Killed Ozzieoiler's ghost
  5106 | D:4      | Reached XP level 8. HP: 48/67 MP: 8/8
  5399 | D:6      | Reached skill level 5 in Fighting
  5399 | D:6      | Reached skill level 9 in Unarmed Combat
  6026 | D:6      | Found a shimmering altar of Xom.
  6039 | D:6      | Reached skill level 10 in Unarmed Combat
  6084 | D:6      | Reached XP level 9. HP: 74/74 MP: 10/10
  6350 | D:7      | Noticed Menkaure
  6367 | D:7      | Killed Menkaure
  6402 | D:7      | Reached *** piety under Makhleb
  6547 | D:7      | Reached skill level 11 in Unarmed Combat
  6579 | D:7      | Reached skill level 5 in Invocations
  7110 | D:7      | Reached skill level 5 in Dodging
  7555 | D:8      | Identified the ring "Rumeodom" {Will+ Dex+8}
  8352 | D:8      | Reached XP level 10. HP: 83/83 MP: 13/13
  8705 | D:9      | Reached skill level 12 in Unarmed Combat
  8791 | D:9      | Found a flagged portal.
  8807 | Bailey   | Entered a bailey
  8815 | Bailey   | Reached **** piety under Makhleb
  9172 | D:9      | Found a hide-covered altar of Uskayaw.
  9901 | D:10     | Entered Level 10 of the Dungeon
  9903 | D:10     | Found an ancient bone altar of Kikubaaqudgha.
  9923 | D:10     | Found Raihany's Distillery.
  9928 | D:10     | Found a sacrificial altar of Ru.
  9930 | D:10     | Bought 2 potions of heal wounds for 110 gold pieces
 10039 | D:10     | Noticed a two-headed ogre
 10049 | D:10     | Killed a two-headed ogre
 10280 | D:10     | Noticed a two-headed ogre
 10311 | D:10     | Identified the +1 robe of Jec Vev {rElec rPois rF+ rN+
                  | Str-4}
 10446 | D:10     | Found a staircase to the Orcish Mines.
 10643 | D:10     | Reached skill level 13 in Unarmed Combat
 10746 | D:10     | Reached XP level 11. HP: 89/89 MP: 16/16
 11002 | D:10     | Killed a two-headed ogre
 11235 | D:11     | Noticed a cyclops
 11239 | D:11     | Killed a cyclops
 11261 | D:11     | Reached skill level 14 in Unarmed Combat
 11537 | D:11     | Reached skill level 10 in Invocations
 11629 | D:11     | Found a staircase to the Lair.
 11681 | D:11     | Noticed a two-headed ogre
 11688 | D:11     | Killed a two-headed ogre
 11972 | D:11     | Noticed Josephine
 11983 | D:11     | Killed Josephine
 11984 | D:11     | Noticed Gastronok
 12004 | D:11     | Reached skill level 15 in Unarmed Combat
 12298 | D:11     | Killed Gastronok
 12299 | D:11     | Reached XP level 12. HP: 70/97 MP: 18/18
 12638 | D:11     | Noticed Harold
 12648 | D:11     | Killed Harold
 12912 | D:11     | Noticed a two-headed ogre
 12915 | D:11     | Killed a two-headed ogre
 12916 | D:11     | Reached skill level 16 in Unarmed Combat
 13247 | D:12     | Noticed a tengu warrior
 13251 | D:12     | Killed a tengu warrior
 13302 | D:12     | Noticed a five-headed hydra
 13317 | D:12     | Killed a five-headed hydra
 13529 | D:12     | Noticed a five-headed hydra
 13533 | D:12     | Killed a five-headed hydra
 13765 | D:12     | Noticed a two-headed ogre
 13776 | D:12     | Reached skill level 17 in Unarmed Combat
 13783 | D:12     | Killed a two-headed ogre
 14208 | D:13     | Noticed a six-headed hydra
 14208 | D:13     | Noticed Maurice
 14321 | D:10     | Bought a potion of heal wounds for 55 gold pieces
 14368 | Orc:1    | Entered Level 1 of the Orcish Mines
 14725 | Orc:1    | Noticed an orc warlord
 15037 | Orc:1    | Killed an orc warlord
 15038 | Orc:1    | Reached skill level 18 in Unarmed Combat
 15038 | Orc:1    | Reached XP level 13. HP: 46/104 MP: 19/19
 15354 | Orc:2    | Entered Level 2 of the Orcish Mines
 15904 | Orc:1    | Reached ***** piety under Makhleb
 16721 | Orc:1    | Noticed an ettin
 16764 | Orc:1    | Reached skill level 19 in Unarmed Combat
 17195 | Lair:1   | Entered Level 1 of the Lair of Beasts
 18159 | Lair:2   | Reached skill level 1 in Armour
 18727 | Lair:2   | Found a staircase to the Snake Pit.
 18735 | Lair:2   | Reached XP level 14. HP: 92/114 MP: 20/20
 19101 | Lair:2   | Found a staircase to the Shoals.
 20327 | Lair:3   | Reached skill level 20 in Unarmed Combat
 20329 | Lair:3   | Identified 2 scrolls of acquirement
 20330 | Lair:3   | Acquired the amulet of Siuzi {Spirit Rampage rElec rF-
                  | Will+++}
 21095 | Lair:4   | Noticed Snorg
 21099 | Lair:4   | Killed Snorg
 23035 | Lair:6   | Entered Level 6 of the Lair of Beasts
 23648 | Lair:6   | Reached skill level 21 in Unarmed Combat
 23665 | Lair:6   | Reached XP level 15. HP: 121/121 MP: 22/22
 23673 | Lair:6   | Found a staircase to the Slime Pits.
 23685 | Slime:1  | Entered Level 1 of the Pits of Slime
 24615 | Lair:6   | Reached skill level 5 in Armour
 25367 | Lair:6   | Found a corrupted altar of Lugonu.
 25367 | Lair:6   | Found a one-way gate to the infinite horrors of the Abyss.
 26355 | Orc:2    | Found a staircase to the Elven Halls.
 26356 | Orc:2    | Acquired 925 gold pieces
 26405 | Orc:2    | Found Giotroem's Book Shoppe.
 26405 | Orc:2    | Found Feczaetiph's General Store.
 26406 | Orc:2    | Found Votyism's Jewellery Shop.
 26406 | Orc:2    | Found Haujo Xoz's Antique Weapon Emporium.
 26437 | Orc:2    | Bought a scroll of enchant armour for 90 gold pieces
 26871 | Shoals:1 | Entered Level 1 of the Shoals
 27256 | Shoals:1 | Reached skill level 22 in Unarmed Combat
 27648 | Shoals:1 | Reached XP level 16. HP: 96/129 MP: 18/24
 27881 | Shoals:1 | Got Zuagez's Papyrus of Curses
 28547 | Shoals:2 | Noticed Kirke
 28552 | Shoals:2 | Killed Kirke
 28783 | Shoals:2 | Reached ****** piety under Makhleb
 29369 | Snake:1  | Entered Level 1 of the Snake Pit
 29399 | Lair:2   | Reached skill level 23 in Unarmed Combat
 29699 | Snake:1  | Found a frozen archway.
 29779 | IceCv    | Entered an ice cave
 31107 | Snake:1  | Reached skill level 1 in Shields
 31126 | Snake:1  | Reached XP level 17. HP: 133/136 MP: 21/26
 33189 | Snake:2  | Reached skill level 24 in Unarmed Combat
 33194 | Snake:2  | Found Jyefeu's Antique Weapon Shoppe.
 35245 | Snake:3  | Found Laer Xae's General Store.
 35250 | Snake:3  | Found Dorpha Kunn's Distillery.
 35250 | Snake:3  | Found Ihih's Magic Scroll Emporium.
 35270 | Snake:3  | Bought a scroll of fear for 66 gold pieces
 36029 | Snake:3  | Reached XP level 18. HP: 131/145 MP: 27/27
 36424 | Snake:3  | Acquired a +2 cloak of preservation
 36438 | Snake:4  | Entered Level 4 of the Snake Pit
 36539 | Snake:3  | Reached skill level 25 in Unarmed Combat
 37632 | Snake:4  | Reached skill level 5 in Shields
 38257 | Snake:4  | Identified the +4 morningstar "Vicvop" {speed, Fly Str+3
                  | Int-2}
 38909 | Snake:4  | Noticed Vashnia
 38960 | Snake:4  | Killed Vashnia
 39267 | Snake:4  | Got a serpentine rune of Zot
 39867 | Shoals:3 | Reached skill level 15 in Invocations
 39874 | Shoals:3 | Reached XP level 19. HP: 130/151 MP: 29/29
 41025 | Shoals:4 | Entered Level 4 of the Shoals
 41706 | Shoals:4 | Noticed Louise
 41718 | Shoals:4 | Killed Louise
 41719 | Shoals:4 | Reached skill level 26 in Unarmed Combat
 43389 | Shoals:4 | Got a barnacled rune of Zot
 43884 | Elf:1    | Entered Level 1 of the Elven Halls
 47296 | Slime:1  | Reached XP level 20. HP: 158/159 MP: 31/31
 49857 | Slime:2  | Reached skill level 27 in Unarmed Combat
 50315 | Slime:2  | Reached skill level 10 in Armour
 51471 | Slime:5  | Entered Level 5 of the Pits of Slime
 51565 | Slime:5  | Noticed Dissolution
 51581 | Slime:4  | Killed Dissolution
 52340 | Slime:4  | Reached XP level 21. HP: 140/167 MP: 16/32
 52877 | Slime:5  | Noticed the Royal Jelly
 55041 | Slime:5  | Found a viscous altar of Jiyva.
 55052 | Slime:5  | HP: 5/167 [acid blob/splash of acid[the Royal Jelly] (5)]
 55052 | Slime:5  | Splashed by an acid blob's acid

Illustrated notes

Levels and vault maps discovered:
D:1:      saegor_arrival_simple_c, layout_rooms, serial_co_window_serial,
          co_window_paths_a, co_window_paths_b, co_window_paths_a,
          co_window_paths_b, co_window_corner_a, co_window_of_opportunity_b,
          co_window_broadway_c, co_window_cross_3, co_window_paths_c,
          co_window_2corner, co_window_sun, glass_columns_b, glass_columns_a,
          glass_columns_a
D:2:      layout_loops_ring
D:3:      layout_basic, mainiacjoe_overflow_small_starburst,
          chequers_ecumenical_altar_grove
D:4:      layout_loops_ring, general_overflow_altar, gammafunk_ghost_stat_death,
          chequers_serial_rivers_micro_c, uniq_ijyb
D:5:      layout_cave_pods, minmay_temple_entry_tees
D:6:      layout_gridville, led_xom_imps, elyvilon_altar_4
D:7:      layout_gridville, uniq_menkaure
D:8:      layout_layer_cave, grunt_decor_cap
D:9:      layout_basic, mainiacjoe_overflow_six_doors_small, enter_bailey_3,
          minmay_misc_feat_room
D:10:     layout_roguey, mainiacjoe_overflow_alcove_1,
          mainiacjoe_overflow_tiny_flanked, hiddenorc1_lemuel, serial_shops,
          shop_fountains, kennysheep_doodads, grunt_ministairs_6,
          kennysheep_generic_room_3
D:11:     layout_basic, lair_entry_dummy, uniq_josephine, uniq_gastronok,
          uniq_harold
D:12:     layout_cross, kennysheep_potato
D:13:     nzn_winding_woodlands_medium [nzn_winding_woodlands_5x5_checkerboard,
          nzn_winding_woodlands_5x15_lazy_stream,
          nzn_winding_woodlands_5x5_closed_star,
          nzn_winding_woodlands_5x5_perimeter,
          nzn_winding_woodlands_center_diamonds,
          nzn_winding_woodlands_5x5_three, nzn_winding_woodlands_5x5_default,
          nzn_winding_woodlands_5x15_crooked,
          nzn_winding_woodlands_5x5_open_star], layout_irregular_city,
          minmay_beelzebubs_servants, uniq_maurice
Temple:   nicolae_temple_no_exploring_needed
Lair:1:   layout_chaotic_city, chequers_serial_rivers_small_3,
          hangedman_lair_unloving_vines, minmay_lair_oklob_chamber,
          grunt_megastairs_2
Lair:2:   layout_small_grid, elwin_shoals_entry_rooms,
          minmay_snake_entry_spellcaster
Lair:3:   layout_long_grid, minmay_holes
Lair:4:   layout_small_grid, grunt_megastairs_4, uniq_snorg
Lair:5:   layout_small_grid
Lair:6:   hellmonk_lair_end_abyssal_woods, layout_gridlike,
          nicolae_slime_entry_slimehenge, enter_volcano_2
Shoals:1: layout_shoals, nicolae_shoals_enchanted_isle
Shoals:2: layout_shoals, nicolae_shoals_seven_spires, uniq_kirke
Shoals:3: layout_shoals
Shoals:4: shoals_end_hangedman, layout_shoals, uniq_louise
Snake:1:  layout_layer_cave, special_room, portal_ice_cave_entry_pillars_three,
          st_stairs_14, grunt_megastairs_1, serial_bayou_shore_a
Snake:2:  layout_basic, serial_shops, shop_statue
Snake:3:  nicolae_snake_hallway, layout_misc_corridors, minmay_shop_star
Snake:4:  grunt_snake_rune_serpentine_throne, layout_cave_town,
          hangedman_snake_corridor_cut
Slime:1:  layout_caves
Slime:2:  layout_caves
Slime:3:  layout_caves
Slime:4:  layout_caves
Slime:5:  uniq_dissolution
Orc:1:    cheibrodos_orc_arena, layout_caves
Orc:2:    st_orc_ogre_mass, layout_caves
Elf:1:    eino_elf_arrival_the_gate, layout_geoelf_grid, minivault_28,
          guppyfry_library_mini

Skill      XL: |  1  2  3  4  5  6  7  8  9 10 11 12 13 14 15 16 17 18 19 20 |
---------------+-------------------------------------------------------------+-----
Dodging        | 3 4 5 6 7 |  7.6
Unarmed Combat | 4 5 6 7 8 10 11 13 15 18 19 21 22 23 24 25 26 27 | 27.0
Fighting       | 4 5 6 7 8 9 |  9.9
Invocations    | 2 3 6 9 10 11 12 13 15 16 17 | 17.7
Armour         | 1 4 5 7 8 9 11 | 11.3
Shields        | 1 4 6 7 |  7.8
Stealth        | |  2.1

Action                   |  1- 3 |  4- 6 |  7- 9 | 10-12 | 13-15 | 16-18 | 19-21 || total
-------------------------+-------+-------+-------+-------+-------+-------+-------++-------
Melee: Unarmed           |    88 |   165 |   304 |   460 |   866 |  1325 |   934 ||  4142
       Punch             |     1 |    10 |    19 |    49 |    94 |    44 |       ||   217
Invok: Minor Destruction |       |       |    29 |    38 |       |   224 |   184 ||   475
       Lesser Servant of |       |       |       |     3 |       |       |       ||     3
       Major Destruction |       |       |       |    37 |    92 |    34 |    53 ||   216
Evoke: Wand              |       |       |       |     1 |       |       |       ||     1
  Use: Scroll            |       |     4 |     7 |     6 |    24 |     7 |    11 ||    59
       Potion            |       |       |       |     2 |     6 |     4 |     6 ||    18
 Stab: Sleeping          |     6 |       |       |     1 |       |       |       ||     7
       Invisible         |       |       |       |       |       |       |     2 ||     2
Armor: Robe              |     5 |       |       |       |       |       |       ||     5
       Scale mail        |     4 |    41 |       |       |       |       |       ||    45
       Ring mail         |       |    19 |   133 |    82 |       |       |       ||   234
       Chain mail        |       |       |       |    58 |   368 |   599 |   722 ||  1747
Dodge: Dodged            |    33 |    70 |   173 |   312 |   345 |   446 |   501 ||  1880
Block: Buckler           |       |       |       |       |       |   150 |   328 ||   478
